 Dungeon Crawl Stone Soup version 0.30.1-9-gdf580d7c3d (webtiles) character file.

Game seed: 14469415896671997104

479555 soul19 the Victor of a Thousand Battles (level 23, -1/209 (220) HPs)
             Began as a Demonspawn Fighter on Sept 24, 2023.
             Was the Champion of Okawaru.
             Killed from afar by a frost giant (27 damage)
             ... with a bolt of cold
             ... on level 2 of the Depths.
             The game lasted 01:18:09 (42295 turns).

soul19 the Victor of a Thousand Battles (DsFi)     Turns: 42295, Time: 01:18:14

HP:   -1/209 (220)  AC: 43    Str: 32    XL:     23   Next: 39%
MP:   34/34         EV: 19    Int: 16    God:    Okawaru [******]
Gold: 6455          SH:  5    Dex: 14    Spells: 22/22 levels left

rFire   . . .        K - +6 shillelagh "Devastator" {shatter}
rCold   . . .        (no shield)
rNeg    . . .        w - +16 crystal plate armour "Byexukhei" {Int+3}
rPois   .            T - +1 hat of a sewer {Int+3 Slay+3}
rElec   .            v - +2 cloak
rCorr   .            (gloves unavailable)
SInv    .            N - +2 pair of slick slippers {slick, slippery, EV+4}
Will    ++...        h - amulet of reflection Stlth
                     t - +6 ring of strength
HPRegen 4.54/turn    M - +4 ring of protection
MPRegen 0.24/turn

%: random rage (3%), reflection
@: about to teleport, flayed, drained
A: powered by death 3, spiny 3, sturdy frame 2, demonic willpower, demonic touch
3, berserk 1, deformed body, low MP 1, robust 1
}: 3/15 runes: barnacled, silver, gossamer
a: Renounce Religion, Heroism, Finesse, Duel


You were on level 2 of the Depths.
You worshipped Okawaru.
Okawaru was exalted by your worship.
You visited 7 branches of the dungeon, and saw 37 of its levels.
You visited the Abyss 1 time.
You also visited: Sewer, Bailey, Ice Cave, Volcano and Desolation.

You collected 9175 gold pieces.
You spent 2720 gold pieces at shops.

Inventory:

Hand Weapons
 K - the +6 shillelagh "Devastator" (weapon) {shatter}
   (You found it on level 9 of the Dungeon)
Missiles
 n - 3 boomerangs of dispersal (quivered)
 p - 5 throwing nets
Armour
 f - the +2 pair of gloves "Voahiskyaz" {rElec rN+ Str-4 Slay+2}
   (You found it on level 1 of the Shoals)

   Str:       It affects your strength (-4).
   Slay:      It affects your accuracy & damage with ranged weapons and melee
   (+2).
   rElec:     It insulates you from electricity.
   rN:        It protects you from negative energy.
 v - a +2 cloak (worn)
 w - the +16 crystal plate armour "Byexukhei" (worn) {Int+3}
   (You found it in the Desolation of Salt)

   Int:       It affects your intelligence (+3).
 F - the +1 pair of boots of the Moon {Fly rC++ Str-5 Slay+3}
   (Okawaru gifted it to you on level 3 of the Vaults)

   Str:       It affects your strength (-5).
   Slay:      It affects your accuracy & damage with ranged weapons and melee
   (+3).
   rC:        It greatly protects you from cold.
   Fly:       It grants you flight.
 N - the +2 pair of slick slippers (worn) {slick, slippery, EV+4}
   (You found it on level 8 of the Dungeon)

   Slick:     Its wearer cannot be constricted, engulfed, netted or webbed.
   Slippery:  Its wearer slips away from damaging melee attacks, pulling the
   attacker onward.
   EV:        It affects your evasion (+4).
 T - the +1 hat of a sewer (worn) {Int+3 Slay+3}
   (You acquired it on level 2 of the Orcish Mines)

   Int:       It affects your intelligence (+3).
   Slay:      It affects your accuracy & damage with ranged weapons and melee
   (+3).
Jewellery
 h - an amulet of reflection (around neck)
 j - a ring of willpower
 t - a +6 ring of strength (left hand)
 y - a ring of protection from fire
 M - a +4 ring of protection (right hand)
 P - an amulet of magic regeneration
 Q - a ring of protection from fire
 R - a ring of protection from cold
 U - a ring of magical power
 V - a +4 ring of slaying
Wands
 k - a wand of roots (18)
 o - a wand of digging (20)
 s - a wand of quicksilver (16)
 C - a wand of polymorph (2)
 J - a wand of flame (62)
 Y - a wand of mindburst (13)
Scrolls
 a - 6 scrolls of blinking
 b - 8 scrolls of poison
 c - 3 scrolls of enchant weapon
 e - 11 scrolls of teleportation
 B - 4 scrolls of magic mapping
 E - a scroll of silence
 G - a scroll of brand weapon
 H - 6 scrolls of identify
 O - 6 scrolls of fog
 S - 5 scrolls of fear
 X - a scroll of amnesia
Potions
 d - 10 potions of might
 g - 6 potions of brilliance
 i - 7 potions of ambrosia
 l - 9 potions of lignification
 q - 7 potions of invisibility
 r - 5 potions of haste
 u - 9 potions of heal wounds
 x - 5 potions of berserk rage
 z - 4 potions of resistance
 A - a potion of cancellation
 D - a potion of magic
 I - 22 potions of curing
 L - 6 potions of flight
 W - 2 potions of mutation


   Skills:
 + Level 21.0 Fighting
 * Level 21.2 Maces & Flails
 - Level 6.1 Throwing
 + Level 15.2 Armour
 + Level 16.4 Dodging
 - Level 8.7 Shields
 + Level 22.4 Invocations


You had 22 spell levels left.
You didn't know any spells.
Your spell library contained the following spells:

 Spells                   Type           Power      Damage    Failure   Level
 Apportation              Tloc           0%         N/A       82%         1
 Freeze                   Ice            0%         1d3       82%         1
 Necrotise                Necr           0%         1d4       82%         1
 Slow                     Hex            0%         N/A       82%         1
 Sting                    Tmut/Pois      0%         1d3       82%         1
 Blink                    Tloc           0%         N/A       91%         2
 Cigotuvi's Dreadful Rot  Necr/Pois/Air  0%         N/A       91%         2
 Ensorcelled Hibernation  Hex/Ice        0%         N/A       91%         2
 Lesser Beckoning         Tloc           0%         N/A       91%         2
 Passwall                 Tmut/Erth      0%         N/A       91%         2
 Poisonous Vapours        Pois/Air       0%         N/A       91%         2
 Sublimation of Blood     Necr           0%         N/A       91%         2
 Confusing Touch          Hex            0%         N/A       99%         3
 Dazzling Flash           Conj/Hex       0%         N/A       99%         3
 Frozen Ramparts          Ice            0%         1d1       99%         3
 Gell's Gravitas          Tloc           0%         N/A       99%         3
 Hailstorm                Conj/Ice       0%         3d3       99%         3
 Ignite Poison            Fire/Tmut/Pois 0%         N/A       99%         3
 Ozocubu's Armour         Ice            0%         N/A       99%         3
 Spider Form              Tmut/Pois      0%         N/A       99%         3
 Stone Arrow              Conj/Erth      0%         3d7       99%         3
 Swiftness                Air            0%         N/A       99%         3
 Teleport Other           Tloc           0%         N/A       99%         3
 Vampiric Draining        Necr           0%         2d6       99%         3
 Vhi's Electric Charge    Tloc/Air       0%         N/A       99%         3
 Volatile Blastmotes      Fire/Tloc      0%         2d10      99%         3
 Anguish                  Hex/Necr       0%         N/A       100%        4
 Dispel Undead            Necr           0%         3d6       100%        4
 Ice Form                 Ice/Tmut       0%         N/A       100%        4
 Iskenderun's Mystic Bla  Conj/Tloc      0%         2d3       100%        4
 Leda's Liquefaction      Hex/Erth       0%         N/A       100%        4
 Olgreb's Toxic Radiance  Pois           0%         N/A       100%        4
 Passage of Golubria      Tloc           0%         N/A       100%        4
 Petrify                  Tmut/Erth      0%         N/A       100%        4
 Sticky Flame             Conj/Fire      0%         2d3       100%        4
 Agony                    Necr           0%         N/A       100%        5
 Arcjolt                  Conj/Air       0%         1d10      100%        5
 Blade Hands              Tmut           0%         N/A       100%        5
 Freezing Cloud           Conj/Ice/Air   0%         6-21      100%        5
 Irradiate                Conj/Tmut      0%         3d11      100%        5
 Lee's Rapid Deconstruct  Erth           0%         3d4*      100%        5
 Metabolic Englaciation   Hex/Ice        0%         N/A       100%        5
 Yara's Violent Unravell  Hex/Tmut       0%         3d3       100%        5
 Dispersal                Tloc           0%         N/A       100%        6
 Plasma Beam              Fire/Air       0%         2x1d11    100%        6
 Starburst                Conj/Fire      0%         6d3       100%        6
 Statue Form              Tmut/Erth      0%         N/A       100%        6
 Dragon Form              Tmut           0%         N/A       100%        7
 Ozocubu's Refrigeration  Ice            0%         4d7       100%        7
 Borgnjor's Revivificati  Necr           0%         N/A       100%        8
 Discord                  Hex            0%         N/A       100%        8
 Ignition                 Fire           0%         3d3       100%        8
 Lehudib's Crystal Spear  Conj/Erth      0%         10d2      100%        8
 Necromutation            Tmut/Necr      0%         N/A       100%        8
 Death's Door             Necr           0%         N/A       100%        9
 Summon Small Mammal      Summ           Unusable   N/A       N/A         1
 Tukima's Dance           Hex            Unusable   N/A       N/A         3
 Animate Armour           Summ/Erth      Unusable   N/A       N/A         4
 Death Channel            Necr           Unusable   N/A       N/A         6
 Simulacrum               Ice/Necr       Unusable   N/A       N/A         6

Dungeon Overview and Level Annotations

Branches:
Dungeon (15/15)            Temple (0/1) D:7            Lair (5/5) D:11
 Shoals (4/4) Lair:3       Spider (4/4) Lair:3        Slime (0/5) Lair:5
    Orc (2/2) D:12            Elf (0/3) Orc:2        Vaults (5/5) D:13
  Crypt (0/3) Vaults:2     Depths (2/4) D:15          Sewer (visited)
 Bailey (visited)           IceCv (visited)         Volcano (visited)
Desolation (visited)

Altars:
Ashenzari
Cheibriados
Kikubaaqudgha
Okawaru
Ru
Trog
Uskayaw
Jiyva

Shops:
D:7 *   D:12 [   Orc:2 *[!*=   Vaults:1 !   Vaults:2 !*?!   Vaults:5 !!?[=!?!==

Portals:
Hell: Depths:1 Depths:2
Pandemonium: Depths:2


Innate Abilities, Weirdness & Mutations

You regenerate a lot of health from kills.
You are completely covered in sharp spines.
Your movements are less encumbered by armour. (ER -4)
You punish those that try to bend your will. (Will+)
Your touch may irresistibly damage your foes and sap their willpower.
You sometimes lose your temper in combat.
Armour fits poorly on your strangely shaped body.
Your magical capacity is low. (-10% MP)
You are robust. (+10% HP)


Message History

The air twists around and strikes you!!
You are too injured to fight recklessly!
Unknown command.
You hit something but do no damage.
You touch something!
You sap its willpower!
The deep troll shaman calls upon its god to strengthen the deep troll.
The deep troll seems to grow stronger.
Something draws life force from you!!
* * * LOW HITPOINT WARNING * * *
You block something's attack. Something barely misses you.
The glowing orange brain blinks!
The sphinx casts a spell.
Something smites you!
* * * LOW HITPOINT WARNING * * *
The quicksilver dragon barely misses you.
The quicksilver dragon closely misses you.
You are too injured to fight recklessly!
Unknown command.
As you read the scroll of teleportation, it crumbles to dust.
You feel strangely unstable.
The spriggan berserker mumbles some strange prayers to Trog.
The death yak goes berserk!
The quicksilver dragon is struck by your spines.
You kill the quicksilver dragon!
Okawaru accepts your kill. Something hits you but does no damage.
Something bites you but does no damage. Something hits you but does no damage.
Something bites you but does no damage.
An ice dragon comes into view.
Your Fighting skill increases to level 21!
As you read the scroll labelled POTTOBBOJY, it crumbles to dust.
Nothing appears to happen.
It was a scroll of butterflies.
The deep troll shaman calls upon its god to speed up something.
Something hits you but does no damage. Something bites you.
* * * LOW HITPOINT WARNING * * *
Something draws strength from your injuries!
You hear some strange, mumbled words.
A bolt of negative energy appears from out of thin air!
The bolt of negative energy hits you!!
You feel drained.
* * * LOW HITPOINT WARNING * * *
The frost giant casts a spell at you. The bolt of cold hits you!!
You die... )|[..8.8 #.... .).8.8. #.... )Ti.8. #....
DC8T8

#.# ##.... ##WT. #.#
##.~..~
#CQi#####.###~.~≈~~
#HiD...+.##.~~≈≈≈≈
##{C#####..#~~~≈≈≈~
#{@C...$#..#.~~~~~.
##+####'###...~~~~.>.
...............≈≈~.~~
########.#...#.~~≈~≈≈
########'#####..≈≈~~≈
................~~~~~
....##########.#.....
....###≈≈≈≈≈§#.####..
....###≈§≈≈≈≈#.# .#


You could see a frost giant, a fire giant, 2 ice dragons, a sphinx, 2 stone
giants, a spriggan defender, a flayed ghost, a tengu warrior, 2 deep trolls, a
spriggan berserker (regenerating, strong-willed), a spriggan air mage (repels
missiles) and a deep troll shaman.

Vanquished Creatures
  Mara (Spider:4)
  2 juggernauts
  Nikola (Depths:1)
  2 golden dragons (Vaults:4)
  Jorgrun (D:15)
  3 liches
  4 tentacled monstrosities
  Asterion (Spider:2)
  10 titans
  3 quicksilver dragons
  Polyphemus (Shoals:4)
  A kraken (Shoals:3)
  5 sphinxes
  Kirke (Spider:4)
  3 shadow dragons
  4 tengu reavers
  A storm dragon (Vaults:4)
  Roxanne (Shoals:3)
  Ilsuiw (Shoals:4)
  5 frost giants
  6 fire giants
  2 imperial myrmidons (Desolation)
  15 vault wardens
  2 iron dragons (Vaults:5)
  3 emperor scorpions
  4 ghost moths
  2 orc warlords
  A spriggan defender (Depths:1)
  20 ironbound preservers
  2 broodmothers (Spider:4)
  5 stone giants
  14 very ugly things
  A vampire knight (Depths:1)
  4 war gargoyles
  The ghost of Egemog the Cleaver, a journeyman MiBe of Trog (Lair:4)
  The ghost of SirLogeyBear the Severer, a journeyman HOBe of Trog (D:15)
  10 ironbound thunderhulks
  2 deep elf annihilators
  2 deep elf demonologists
  A spark wasp (Spider:4)
  A halazid warlock (Desolation)
  7 dire elephants
  9 merfolk javelineers
  4 ettins
  Josephine (Lair:3)
  3 entropy weavers
  5 fire dragons
  12 ragged hierophants (Desolation)
  5 jiangshi (Depths:2)
  3 crystal guardians (Desolation)
  4 great orbs of eyes
  15 yaktaur captains
  A rakshasa (Depths:1)
  12 merfolk impalers
  35 vault guards
  A deep elf high priest (Vaults:5)
  10 servants of whispers (Desolation)
  2 hydras
  2 radroaches
  Harold (Lair:1)
  4 peacekeepers
  13 ironbound frosthearts
  2 catoblepae
  A boulder beetle (shapeshifter) (Vaults:4)
  21 centaur warriors
  A salamander tyrant (Depths:2)
  2 ice dragons
  2 satyrs
  A two-headed ogre (shapeshifter) (Vaults:2)
  A death knight (D:14)
  5 merfolk avatars
  4 boulder beetles
  2 alligator snapping turtles
  4 tengu warriors (D:14)
  6 two-headed ogres
  12 death yaks
  A deep troll shaman (Depths:1)
  2 deep troll earth magi
  3 vampire magi
  3 merfolk aquamancers
  9 sun demons (Depths:2)
  A spriggan berserker (Lair:4)
  2 salamander mystics (Depths:2)
  The ghost of gohan83 the Nimble, a novice MiBe of Trog (D:8)
  A shadow wraith (Vaults:5)
  Amaemon (Lair:3)
  3 pharaoh ants
  8 skysharks
  A glowing orange brain (Vaults:1)
  5 skeletal warriors (D:12)
  4 sun moths
  5 sea snakes
  A sea snake (shapeshifter) (Vaults:5)
  38 deep trolls
  A flayed ghost (Vaults:4)
  8 orb spiders
  26 ironbound convokers
  7 phantasmal warriors
  9 wizards
  16 harpies
  9 lindwurms
  3 steelbarb worms
  12 orc knights
  2 necromancers
  A wolf spider (shapeshifter) (Vaults:2)
  A deep elf pyromancer (D:15)
  An orc sorcerer (Orc:2)
  43 ugly things
  27 wolf spiders
  2 shining eyes (Depths:2)
  11 cyclopes
  8 manticores
  8 salamanders (Depths:2)
  10 merfolk sirens
  12 fauns
  11 elephants
  2 guardian serpents (Desolation)
  3 moths of wrath
  3 black mambas
  An orange demon (Lair:3)
  An ice statue (IceCv)
  4 water nymphs (Shoals:4)
  7 demonic crawlers
  A molten gargoyle (Desolation)
  2 gargoyles
  2 torpor snails
  10 cane toads
  2 smoke demons (Volcano)
  23 vault sentinels
  An unseen horror (D:12)
  An eye of devastation (Depths:2)
  Maggie (D:7)
  2 efreet
  7 freezing wraiths
  A rime drake (Lair:3)
  8 komodo dragons
  A tengu conjurer (Depths:2)
  A komodo dragon (shapeshifter) (Vaults:4)
  29 yaktaurs
  14 ice devils (IceCv)
  A red devil (Depths:2)
  11 polar bears
  6 trolls
  9 meliai
  23 merfolk
  20 blink frogs
  17 tarantellas
  3 wind drakes
  Grinder (Sewer)
  10 dream sheep
  55 saltlings
  4 snapping turtles
  18 culicivoras
  11 hornets
  15 jumping spiders
  22 spriggans
  7 water elementals
  A wyvern (D:8)
  38 slime creatures
  A shadow (D:10)
  4 wraiths
  A vampire (D:13)
  2 dire elephant simulacra (IceCv)
  37 yaks
  7 hogs (Spider:4)
  4 vampire mosquitoes (D:13)
  4 basilisks
  8 humans (D:13)
  31 redbacks
  3 steam dragons (Volcano)
  4 death yak simulacra (IceCv)
  2 harpy simulacra (IceCv)
  4 hell hounds
  3 hydra simulacra (IceCv)
  3 acid dragons
  20 water moccasins
  2 ice beasts (D:7)
  35 orc warriors
  A sky beast (D:7)
  4 black bears
  7 ogres
  3 boggarts (Lair:5)
  36 wolves
  33 centaurs
  2 phantoms
  A kobold brigand (Sewer)
  8 bullfrogs
  2 cane toad simulacra (IceCv)
  4 scorpions
  A two-headed ogre simulacrum (IceCv)
  12 killer bees (D:8)
  5 elephant simulacra (IceCv)
  3 howler monkeys
  3 hounds
  2 jellies
  2 quasits (Sewer)
  A gnoll bouda (D:5)
  9 orc priests
  An iguana (D:5)
  22 orc wizards
  3 troll simulacra (IceCv)
  3 polar bear simulacra (IceCv)
  A spriggan simulacrum (IceCv)
  6 wolf simulacra (IceCv)
  Robin (D:3)
  7 gnolls (D:5)
  3 river rats (D:4)
  11 adders
  3 white imps
  7 ufetubi
  6 worms
  7 dart slugs
  75 orcs
  7 ball pythons
  6 endoplasms
  8 giant cockroaches
  A goblin (shapeshifter) (Vaults:5)
  7 hobgoblins
  9 quokkas
  6 bats
  2 frilled lizards
  A giant cockroach zombie (Sewer)
  23 goblins
  23 kobolds
  A kobold zombie (Sewer)
  11 rats
  A tentacle (Shoals:3)
1655 creatures vanquished.

Vanquished Creatures (others)
  A pharaoh ant (Spider:3)
  A lindwurm (Volcano)
  A saltling (Desolation)
  A swamp drake (shapeshifter) (Vaults:5)
  An orc (Bailey)
  An endoplasm (Sewer)
  6 tentacles (Shoals:3)
12 creatures vanquished.

Grand Total: 1667 creatures vanquished

Notes
Turn   | Place    | Note
-------+----------+-------------------------------------------
     0 | D:1      | soul19 the Demonspawn Fighter began the quest for the Orb.
     0 | D:1      | Reached XP level 1. HP: 18/18 MP: 1/1
    78 | D:1      | Gained mutation: You are partially covered in sharp spines.
                  | [demonic ancestry]
    78 | D:1      | Reached XP level 2. HP: 18/24 MP: 2/2
   360 | D:1      | Reached XP level 3. HP: 21/29 MP: 3/3
  1001 | D:2      | Gained mutation: You regenerate a little health from kills.
                  | [demonic ancestry]
  1001 | D:2      | Reached XP level 4. HP: 31/37 MP: 4/4
  1156 | D:2      | Got the Quarto of the Tempest and Topology
  1441 | D:3      | Found a faded altar of an unknown god.
  1661 | D:3      | Noticed Robin
  1698 | D:3      | Killed Robin
  1721 | D:3      | Reached XP level 5. HP: 51/51 MP: 5/5
  1722 | D:3      | Reached skill level 5 in Armour
  1722 | D:3      | Reached skill level 5 in Dodging
  1722 | D:3      | Reached skill level 5 in Shields
  1722 | D:3      | Reached XP level 6. HP: 57/57 MP: 6/6
  2206 | D:4      | Reached XP level 7. HP: 61/63 MP: 7/7
  2295 | D:4      | Found a glowing drain.
  2306 | Sewer    | Entered a sewer
  2380 | Sewer    | Found a burning altar of Makhleb.
  2405 | Sewer    | Noticed Grinder
  2416 | Sewer    | Paralysed by Grinder for 4 turns
  2424 | Sewer    | Paralysed by Grinder for 2 turns
  2430 | Sewer    | Killed Grinder
  2936 | D:4      | Gained mutation: You are mostly covered in sharp spines.
                  | [demonic ancestry]
  2936 | D:4      | Reached XP level 8. HP: 71/71 MP: 8/8
  3053 | D:4      | Found an iron altar of Okawaru.
  3258 | D:5      | Entered Level 5 of the Dungeon
  3435 | D:4      | Became a worshipper of Warmaster Okawaru
  3759 | D:5      | Reached skill level 1 in Invocations
  3940 | D:5      | Reached * piety under Okawaru
  4753 | D:7      | Gained mutation: Your movements are slightly less
                  | encumbered by armour. (ER -2) [demonic ancestry]
  4753 | D:7      | Reached XP level 9. HP: 77/77 MP: 10/10
  4765 | D:7      | Reached skill level 2 in Invocations
  4774 | D:7      | Noticed Maggie
  4775 | D:7      | Found a flagged portal.
  4802 | D:7      | Killed Maggie
  4802 | D:7      | Reached ** piety under Okawaru
  4823 | Bailey   | Entered a bailey
  5310 | Bailey   | Reached skill level 3 in Invocations
  5602 | Bailey   | Reached *** piety under Okawaru
  5838 | Bailey   | Reached skill level 10 in Fighting
  5838 | Bailey   | Reached XP level 10. HP: 27/85 MP: 12/12
  6383 | D:7      | Found a staircase to the Ecumenical Temple.
  6505 | D:7      | Found Coihagau's Gadget Gallery.
  6947 | D:8      | Found a sacrificial altar of Ru.
  6959 | D:8      | Found a hide-covered altar of Uskayaw.
  6969 | D:8      | Found a transporter.
  6969 | D:8      | Noticed gohan83's ghost (novice MiBe)
  6980 | D:8      | Noticed a moth of wrath
  7004 | D:8      | Reached skill level 1 in Throwing
  7557 | D:8      | Found a transporter.
  7657 | D:8      | Reached **** piety under Okawaru
  7885 | D:8      | Found the +2 pair of slick slippers {slick, slippery, EV+4}
  8193 | D:9      | Found the +6 shillelagh "Devastator" {shatter}
  8215 | D:9      | Noticed a two-headed ogre
  8221 | D:9      | Killed a two-headed ogre
  8222 | D:9      | Reached skill level 4 in Invocations
  8224 | D:9      | You fall into a shaft and drop 3 floors!
  8352 | D:11     | Noticed a death yak
  8355 | D:10     | Entered Level 10 of the Dungeon
  8470 | D:9      | Reached ***** piety under Okawaru
  8738 | D:9      | Found an ancient bone altar of Kikubaaqudgha.
  8940 | D:10     | Reached XP level 11. HP: 68/93 MP: 14/14
  9254 | D:10     | Found a broken altar of Ashenzari.
  9891 | D:11     | Noticed a death yak
  9891 | D:11     | Identified the +6 leather armour "Xuxzew" {rPois rF+}
  9892 | D:11     | Noticed a death yak
  9910 | D:11     | Identified the scarf of Fukaghasch {+Inv, rPois rN+ SInv}
                  | (Okawaru gifted it to you on level 11 of the Dungeon)
  9910 | D:11     | Received a gift from Okawaru
  9924 | D:11     | Killed a death yak
  9925 | D:11     | Reached skill level 5 in Invocations
  9937 | D:11     | Killed a death yak
  9944 | D:11     | Killed a death yak
 10043 | D:11     | Found a staircase to the Lair.
 10103 | D:11     | Reached skill level 10 in Maces & Flails
 10160 | D:11     | Noticed a two-headed ogre
 10165 | D:11     | Killed a two-headed ogre
 10337 | Lair:1   | Entered Level 1 of the Lair of Beasts
 10405 | Lair:1   | Noticed Harold
 10426 | Lair:1   | Killed Harold
 10427 | Lair:1   | Reached skill level 6 in Invocations
 10631 | Lair:1   | Identified the +0 troll leather armour of Alyruyf {rElec
                  | Regen+ Str+3} (Okawaru gifted it to you on level 1 of the
                  | Lair of Beasts)
 10631 | Lair:1   | Received a gift from Okawaru
 10636 | Lair:1   | Gained mutation: You regenerate health from kills. [demonic
                  | ancestry]
 10636 | Lair:1   | Reached XP level 12. HP: 49/103 MP: 16/16
 11716 | Lair:2   | Reached skill level 7 in Invocations
 11806 | Lair:2   | Noticed a four-headed hydra
 11815 | Lair:2   | Killed a four-headed hydra
 11834 | Lair:2   | Identified the +2 robe of Buhitot {Rampage Fly Stlth+}
 11854 | Lair:2   | Identified a scroll of acquirement
 11854 | Lair:2   | Acquired 672 gold pieces
 11870 | Lair:2   | Found a dark tunnel.
 11924 | Volcano  | Entered a volcano
 12109 | Volcano  | Noticed a fire dragon
 12135 | Volcano  | Killed a fire dragon
 12135 | Volcano  | Received a gift from Okawaru
 12852 | Lair:3   | Reached ****** piety under Okawaru
 12948 | Lair:3   | Noticed Amaemon
 12956 | Lair:3   | Killed Amaemon
 12957 | Lair:3   | Gained mutation: You regenerate a lot of health from kills.
                  | [demonic ancestry]
 12957 | Lair:3   | Reached XP level 13. HP: 112/114 MP: 18/18
 13053 | Lair:3   | Found a hole to the Spider Nest.
 13133 | Lair:3   | Noticed Josephine
 13151 | Lair:3   | Killed Josephine
 13151 | Lair:3   | Identified the +2 crystal plate armour "Sulocy" {Drain
                  | rPois Regen+} (Okawaru gifted it to you on level 3 of the
                  | Lair of Beasts)
 13151 | Lair:3   | Received a gift from Okawaru
 13152 | Lair:3   | Reached skill level 8 in Invocations
 13214 | Lair:3   | Reached skill level 5 in Throwing
 13222 | Lair:3   | Reached skill level 15 in Fighting
 13239 | Lair:3   | Found a staircase to the Shoals.
 13890 | Lair:4   | Noticed Egemog's ghost (journeyman MiBe)
 13895 | Lair:4   | Found a transporter.
 13899 | Lair:4   | Found a bloodstained altar of Trog.
 13910 | Lair:4   | Found a transporter.
 13990 | Lair:4   | Identified the +0 morningstar of the Jester {heavy, Will+}
                  | (Okawaru gifted it to you on level 4 of the Lair of Beasts)
 13990 | Lair:4   | Received a gift from Okawaru
 14023 | Lair:4   | Killed Egemog's ghost
 14041 | Lair:4   | Identified the ring of Jeclua Pija {Will+ MP+9}
 14356 | Lair:4   | Reached skill level 9 in Invocations
 14684 | Lair:5   | Entered Level 5 of the Lair of Beasts
 14692 | Lair:5   | Identified the +7 trident of Tuduiso {flame, Will+}
 14790 | Lair:5   | Received a gift from Okawaru
 14882 | Lair:5   | Gained mutation: Your touch may inflict minor irresistible
                  | damage on your foes. [demonic ancestry]
 14882 | Lair:5   | Reached XP level 14. HP: 125/125 MP: 20/20
 14900 | Lair:5   | Identified the +1 pair of gloves "Utteh" {rPois Will-
                  | Regen+} (Okawaru gifted it to you on level 5 of the Lair of
                  | Beasts)
 14900 | Lair:5   | Received a gift from Okawaru
 15461 | Lair:5   | Reached skill level 11 in Invocations
 15461 | Lair:5   | Gained mutation: Your touch may inflict irresistible damage
                  | on your foes. [demonic ancestry]
 15461 | Lair:5   | Reached XP level 15. HP: 132/132 MP: 21/23
 15629 | Lair:5   | Found a viscous altar of Jiyva.
 15629 | Lair:5   | Found a staircase to the Slime Pits.
 15988 | D:12     | Gained mutation: You are weak. (Str -2) [potion of
                  | mutation]
 15988 | D:12     | Gained mutation: You are very weak. (Str -4) [potion of
                  | mutation]
 15989 | D:12     | Lost mutation: You are very weak. (Str -4) [potion of
                  | mutation]
 15989 | D:12     | Lost mutation: You are weak. (Str -2) [potion of mutation]
 15989 | D:12     | Gained mutation: You are somewhat resistant to further
                  | mutation. [potion of mutation]
 15990 | D:12     | Lost mutation: You are somewhat resistant to further
                  | mutation. [potion of mutation]
 15990 | D:12     | Gained mutation: You have a pair of small horns on your
                  | head. [potion of mutation]
 16202 | D:12     | Received a gift from Okawaru
 16226 | D:12     | Found Xadesenid's Armour Emporium.
 16646 | D:12     | Found a staircase to the Orcish Mines.
 16911 | D:13     | Found a gate to the Vaults.
 16994 | D:13     | Found a snail-covered altar of Cheibriados.
 17069 | D:13     | Identified the +6 short sword of the Land of Plenty {flame,
                  | Contam +Blink rPois rC++}
 17369 | D:13     | Received a gift from Okawaru
 17877 | D:8      | Killed gohan83's ghost
 18322 | D:14     | Received a gift from Okawaru
 18390 | D:14     | Reached XP level 16. HP: 92/140 MP: 24/24
 18641 | D:14     | Received a gift from Okawaru
 18646 | D:14     | Reached skill level 12 in Invocations
 18934 | D:13     | Lost mutation: You have a pair of small horns on your head.
                  | [potion of mutation]
 18934 | D:13     | Gained mutation: You are vulnerable to heat. (rF-) [potion
                  | of mutation]
 18934 | D:13     | Gained mutation: You are agile. (Dex +4, Str/Int -1)
                  | [potion of mutation]
 18934 | D:13     | Gained mutation: You have a pair of small antennae on your
                  | head. [potion of mutation]
 18934 | D:13     | Gained mutation: Your muscles are strong. (Str +4, Int/Dex
                  | -1) [potion of mutation]
 18935 | D:13     | Lost mutation: You are vulnerable to heat. (rF-) [potion of
                  | mutation]
 18935 | D:13     | Lost mutation: Your muscles are strong. (Str +4, Int/Dex
                  | -1) [potion of mutation]
 18935 | D:13     | Lost mutation: You have a pair of small antennae on your
                  | head. [potion of mutation]
 18935 | D:13     | Gained mutation: You occasionally shout uncontrollably at
                  | your foes. [potion of mutation]
 18935 | D:13     | Gained mutation: You are somewhat resistant to further
                  | mutation. [potion of mutation]
 18985 | D:15     | Entered Level 15 of the Dungeon
 19085 | D:15     | Found a staircase to the Depths.
 19093 | D:15     | Received a gift from Okawaru
 19470 | D:15     | Lost mutation: You are somewhat resistant to further
                  | mutation. [potion of mutation]
 19470 | D:15     | Lost mutation: You are agile. (Dex +4, Str/Int -1) [potion
                  | of mutation]
 19470 | D:15     | Gained mutation: You occasionally lose the ability to drink
                  | potions when taking damage. [potion of mutation]
 19470 | D:15     | Gained mutation: You expend magic power (3 MP) to
                  | strengthen your wands. [potion of mutation]
 19470 | D:15     | Gained mutation: You are weak. (Str -2) [potion of
                  | mutation]
 19470 | D:15     | Gained mutation: You are agile. (Dex +4, Str/Int -1)
                  | [potion of mutation]
 19485 | D:15     | Noticed Jorgrun
 19498 | D:15     | Killed Jorgrun
 19646 | D:15     | Found a bloodstained altar of Trog.
 19650 | D:15     | Reached skill level 10 in Armour
 19686 | D:15     | Noticed SirLogeyBear's ghost (journeyman HOBe)
 19687 | D:15     | Found a runed translucent door.
 19735 | D:15     | Killed SirLogeyBear's ghost
 19744 | D:15     | Lost mutation: You expend magic power (3 MP) to strengthen
                  | your wands. [potion of mutation]
 19744 | D:15     | Lost mutation: You occasionally lose the ability to drink
                  | potions when taking damage. [potion of mutation]
 19744 | D:15     | Lost mutation: You are agile. (Dex +4, Str/Int -1) [potion
                  | of mutation]
 19744 | D:15     | Gained mutation: You have a pair of small horns on your
                  | head. [potion of mutation]
 20230 | Orc:1    | Entered Level 1 of the Orcish Mines
 20361 | Orc:1    | Found a frozen archway.
 20410 | IceCv    | Entered an ice cave
 20563 | IceCv    | Found an ancient bone altar of Kikubaaqudgha.
 20583 | IceCv    | Received a gift from Okawaru
 20792 | IceCv    | Identified the ring "Fanonti" {*Slow rF+++ rN+ rCorr Str-5}
 21030 | Orc:2    | Entered Level 2 of the Orcish Mines
 21158 | Orc:2    | Found a staircase to the Elven Halls.
 21266 | Orc:2    | Reached skill level 10 in Dodging
 21289 | Orc:2    | Found Junnat's Assorted Antiques.
 21289 | Orc:2    | Found Puworcha's Distillery.
 21293 | Orc:2    | Found Zeocah's Armour Boutique.
 21297 | Orc:2    | Found Diboyl's Jewellery Emporium.
 21341 | Orc:2    | Bought a potion of mutation for 104 gold pieces
 21341 | Orc:2    | Lost mutation: You have a pair of small horns on your head.
                  | [potion of mutation]
 21341 | Orc:2    | Lost mutation: You occasionally shout uncontrollably at
                  | your foes. [potion of mutation]
 21341 | Orc:2    | Lost mutation: You are weak. (Str -2) [potion of mutation]
 21486 | Orc:2    | Found Akafip's General Store.
 21494 | Orc:2    | Bought 3 scrolls of acquirement for 1716 gold pieces
 21494 | Orc:2    | Acquired 814 gold pieces
 21496 | Orc:2    | Acquired the +1 hat of a sewer {Int+3 Slay+3}
 21522 | Orc:2    | Acquired a manual of Invocations
 22146 | Shoals:1 | Entered Level 1 of the Shoals
 22201 | Shoals:1 | Identified the +2 pair of gloves "Voahiskyaz" {rElec rN+
                  | Str-4 Slay+2}
 22445 | Shoals:1 | Reached skill level 13 in Invocations
 22485 | Shoals:1 | Identified the +3 ring mail of the Lair of Beasts {rPois
                  | rN+ Dex-4} (Okawaru gifted it to you on level 1 of the
                  | Shoals)
 22485 | Shoals:1 | Received a gift from Okawaru
 22887 | Shoals:1 | Reached XP level 17. HP: 148/148 MP: 27/27
 23091 | Shoals:2 | Reached skill level 15 in Maces & Flails
 23205 | Shoals:2 | You fall into a shaft and drop 1 floor!
 23352 | Shoals:2 | Reached skill level 14 in Invocations
 23951 | Shoals:3 | Noticed Roxanne
 23997 | Shoals:3 | Killed Roxanne
 24063 | Shoals:3 | Noticed a kraken
 24077 | Shoals:3 | Killed a kraken
 24382 | Shoals:4 | Entered Level 4 of the Shoals
 24784 | Shoals:4 | Identified the +1 hand axe of Wumuu {speed, *Slow +Blink
                  | Int+3}
 24858 | Shoals:4 | Received a gift from Okawaru
 25001 | Shoals:4 | Noticed Polyphemus
 25020 | Shoals:4 | Reached skill level 15 in Invocations
 25036 | Shoals:4 | Killed Polyphemus
 25364 | Shoals:4 | Received a gift from Okawaru
 25561 | Shoals:4 | Received a gift from Okawaru
 25592 | Shoals:4 | Noticed Ilsuiw
 25648 | Shoals:4 | Killed Ilsuiw
 25784 | Shoals:4 | Got a barnacled rune of Zot
 25893 | Spider:1 | Entered Level 1 of the Spider Nest
 26012 | Spider:1 | You fall into a shaft and drop 1 floor!
 26074 | Spider:2 | Noticed Asterion
 26092 | Spider:2 | Killed Asterion
 26093 | Spider:2 | Reached skill level 16 in Invocations
 26144 | Spider:2 | Gained mutation: Your movements are less encumbered by
                  | armour. (ER -4) [demonic ancestry]
 26144 | Spider:2 | Reached XP level 18. HP: 138/157 MP: 0/30
 26978 | Spider:3 | Identified the +3 plate armour "Dorioc" {+Inv MP+9}
                  | (Okawaru gifted it to you on level 3 of the Spider Nest)
 26978 | Spider:3 | Received a gift from Okawaru
 27525 | Spider:4 | Entered Level 4 of the Spider Nest
 27565 | Spider:4 | Noticed Mara
 27574 | Spider:4 | Noticed soul19's illusion
 27656 | Spider:4 | Noticed soul19's illusion
 27665 | Spider:4 | Killed Mara
 27730 | Spider:4 | Identified the +5 chain mail of Peek-a-Boo {Int+3}
 27820 | Spider:4 | Reached skill level 17 in Invocations
 27944 | Spider:4 | Noticed Kirke
 27954 | Spider:4 | Killed Kirke
 28256 | Spider:4 | Identified the +8 dire flail of the Warrior-Mage {heavy,
                  | rN+ Will+} (Okawaru gifted it to you on level 4 of the
                  | Spider Nest)
 28256 | Spider:4 | Received a gift from Okawaru
 28435 | Spider:4 | Got a gossamer rune of Zot
 28466 | Spider:4 | Gained mutation: You sometimes lose your temper in combat.
                  | [potion of mutation]
 28466 | Spider:4 | Gained mutation: You are robust. (+10% HP) [potion of
                  | mutation]
 28753 | Vaults:1 | Entered Level 1 of the Vaults
 29057 | Vaults:1 | Found Ukufosk's Distillery.
 29067 | Vaults:1 | Bought a potion of experience for 900 gold pieces
 29129 | Vaults:1 | Gained mutation: Your touch may irresistibly damage your
                  | foes and sap their willpower. [demonic ancestry]
 29129 | Vaults:1 | Reached XP level 19. HP: 181/181 MP: 31/31
 29190 | Vaults:1 | Reached XP level 20. HP: 189/189 MP: 32/32
 29191 | Vaults:1 | Reached skill level 18 in Invocations
 29228 | Vaults:1 | Received a gift from Okawaru
 29744 | Vaults:1 | Received a gift from Okawaru
 29832 | Vaults:1 | Received a gift from Okawaru
 30467 | Vaults:2 | Reached skill level 19 in Invocations
 30633 | Abyss:2  | Cast into level 2 of the Abyss (a wizard)
 30646 | Vaults:2 | Escaped the Abyss
 30708 | Vaults:2 | Found Plog's Magic Scroll Boutique.
 30778 | Vaults:2 | Found Xicvuep's Distillery.
 30798 | Vaults:2 | Received a gift from Okawaru
 30800 | Vaults:2 | Found a staircase to the Crypt.
 30876 | Vaults:2 | Found a crumbling gateway.
 30886 | Desolati | Entered the Desolation of Salt
 31127 | Desolati | Identified the +16 crystal plate armour "Byexukhei" {Int+3}
 31133 | Desolati | Identified the +6 long sword of Oskuekuw {heavy, rN+ Dex+2}
 31135 | Desolati | Received a gift from Okawaru
 31170 | Desolati | Received a gift from Okawaru
 31268 | Desolati | Reached skill level 20 in Invocations
 31375 | Desolati | Gained mutation: You punish those that try to bend your
                  | will. (Will+) [demonic ancestry]
 31375 | Desolati | Reached XP level 21. HP: 159/186 MP: 35/35
 31404 | Desolati | Identified the +7 short sword of Corruption {venom, rF+
                  | Dex+6}
 31410 | Desolati | Got the Parchment of Transportation and the Fault
 31941 | Vaults:2 | Found Wisubbaw's Assorted Antiques.
 32308 | Vaults:2 | Found Vapuhiaff's Distillery.
 33095 | Vaults:2 | Received a gift from Okawaru
 33318 | Vaults:3 | Received a gift from Okawaru
 33464 | Vaults:3 | You fall into a shaft and drop 1 floor!
 33605 | Vaults:4 | Received a gift from Okawaru
 33613 | Vaults:4 | Reached skill level 15 in Dodging
 33935 | Vaults:4 | Identified the +5 eveningstar "Qonietoq" {flame, +Blink
                  | Str+4 Dex+2} (Okawaru gifted it to you on level 4 of the
                  | Vaults)
 33935 | Vaults:4 | Received a gift from Okawaru
 34290 | Vaults:4 | Acquired 565 gold pieces
 34943 | Vaults:5 | Entered Level 5 of the Vaults
 35203 | Vaults:3 | Reached skill level 21 in Invocations
 35523 | Vaults:3 | Identified the +1 pair of boots of the Moon {Fly rC++ Str-5
                  | Slay+3} (Okawaru gifted it to you on level 3 of the Vaults)
 35523 | Vaults:3 | Received a gift from Okawaru
 35949 | Vaults:4 | Gained mutation: You are completely covered in sharp
                  | spines. [demonic ancestry]
 35949 | Vaults:4 | Reached XP level 22. HP: 208/209 MP: 36/36
 36766 | Vaults:5 | Noticed a golden dragon
 37007 | Vaults:5 | Noticed a golden dragon
 37204 | Vaults:4 | Killed a golden dragon
 37258 | Vaults:4 | Killed a golden dragon
 37469 | Vaults:5 | Identified the +0 pair of boots of Hysteria {Harm Str-2
                  | SInv} (Okawaru gifted it to you on level 5 of the Vaults)
 37469 | Vaults:5 | Received a gift from Okawaru
 37991 | Vaults:5 | Found Sexiykk's Magic Scroll Emporium.
 37994 | Vaults:5 | Found Lubar's Antique Armour Shop.
 38358 | Vaults:5 | Found Okhis's Magic Scroll Boutique.
 38413 | Vaults:5 | Got a silver rune of Zot
 38631 | Vaults:5 | Found Gaism's Distillery.
 39229 | Vaults:5 | Found Joxeim's Jewellery Shoppe.
 39230 | Vaults:5 | Found Vodull's Distillery.
 39300 | Vaults:5 | Found Ruhen's Jewellery Shop.
 39391 | Vaults:5 | Reached skill level 22 in Invocations
 39754 | Vaults:5 | Received a gift from Okawaru
 39784 | Vaults:5 | Found Dinurr's Jewellery Shoppe.
 39912 | Vaults:5 | Found Soted's Distillery.
 39928 | Vaults:5 | Found Fiamu's Distillery.
 40163 | Depths:1 | Entered Level 1 of the Depths
 40192 | Depths:1 | Noticed Nikola
 40202 | Depths:1 | Killed Nikola
 40489 | Depths:1 | Found a broken altar of Ashenzari.
 40999 | Depths:1 | Noticed a juggernaut
 41010 | Depths:1 | Killed a juggernaut
 41022 | Depths:1 | Reached XP level 23. HP: 217/217 MP: 38/38
 41581 | Depths:1 | Found a gateway to Hell.
 41814 | Depths:2 | Reached skill level 15 in Armour
 41840 | Depths:2 | Gained mutation: Your magical capacity is low. (-10% MP) [a
                  | shining eye]
 41860 | Depths:2 | Gained mutation: Armour fits poorly on your strangely
                  | shaped body. [a shining eye]
 42057 | Depths:2 | Found a one-way gate leading to the halls of Pandemonium.
 42267 | Depths:2 | Noticed a juggernaut
 42288 | Depths:2 | Killed a juggernaut
 42288 | Depths:2 | Received a gift from Okawaru
 42295 | Depths:2 | Killed from afar by a frost giant

Illustrated notes

Levels and vault maps discovered:
D:1:      reono_arrival_forest_river, layout_basic
D:2:      layout_basic, serial_bayou_pond_a
D:3:      layout_basic, ebering_ecumenical_altar_abandoned,
          uniq_crazy_yiuf_cottage, uniq_robin
D:4:      layout_loops_ring, okawaru_metal_pillars_1_2,
          lightli_sewer_entry_pipes, hangedman_decor_diamond_cutter,
          minmay_misc_feat_columns
D:5:      black_bear_nest_2, layout_cave_pods
D:6:      layout_layer_cave
D:7:      layout_basic, minmay_temple_entry_glass, enter_bailey_3,
          nicolae_shop_gadgets, uniq_maggie
D:8:      layout_basic, amethyst_overflow_temple_binary,
          gammafunk_ghost_berserking_beasts, nicolae_straight_to_the_point
D:9:      layout_cave_pods, lemuel_zombie_altar_kikubaaqudgha
D:10:     layout_stronghold, kennysheep_mini_moat
D:11:     layout_basic, dpeg_lair_monsters
D:12:     layout_basic, orc_0_dummy, serial_shops, shop,
          chequers_serial_rivers_room_a
D:13:     layout_loops_corners, ximxim_vaults_locker_room,
          kennysheep_slug_shrine
D:14:     layout_roguey, amcnicky_mini_pool_small
D:15:     grunt_enter_depths_giant_problem, layout_stronghold, serial_rivers,
          chequers_serial_rivers_micro_c, chequers_serial_rivers_small_b,
          chequers_serial_rivers_small_a, chequers_serial_rivers_small_3,
          chequers_serial_rivers_room_a, chequers_serial_rivers_room_b,
          hellmonk_ghost_happy_afterlife, minmay_gold_behind_fungi,
          trog_ov_bears_minmay, uniq_jorgrun
Lair:1:   layout_cave_pods, uniq_harold
Lair:2:   layout_regular_city, nicolae_volcano_entry_two_sided,
          serial_bayou_shore_b
Lair:3:   layout_regular_city, minmay_shoals_entry_centaurs,
          nicolae_spider_entry_non_spiders, minivault_11, serial_bayou_pond_c,
          nicolae_lair_lindhole, uniq_josephine, uniq_amaemon
Lair:4:   layout_roguey, gammafunk_ghost_wrathful_warriors, minivault_19,
          minmay_lindwurm_lava
Lair:5:   minmay_lair_end_enchanted_forest, layout_hall_layers,
          dpeg_slime_entry_enclosed
Shoals:1: layout_shoals
Shoals:2: layout_shoals
Shoals:3: layout_shoals, st_sunken_huts, uniq_roxanne
Shoals:4: shoals_end_hangedman, layout_shoals, shoals_ilsuiw_alternative,
          nicolae_shoals_cliffside_cave, uniq_polyphemus
Spider:1: nicolae_spider_hilbert_zone_1 [nicolae_spider_hilbert_4_sides_1_open,
          nicolae_spider_hilbert_4_sides_1_open,
          nicolae_spider_hilbert_4_sides_1_open,
          nicolae_spider_hilbert_4_sides_1_open,
          nicolae_spider_hilbert_3_sides_1_open,
          nicolae_spider_hilbert_3_sides_1_open,
          nicolae_spider_hilbert_3_sides_1_open,
          nicolae_spider_hilbert_3_sides_1_open,
          nicolae_spider_hilbert_3_sides_1_open,
          nicolae_spider_hilbert_6_sides_1_open,
          nicolae_spider_hilbert_6_sides_1_open,
          nicolae_spider_hilbert_3_sides_1_open,
          nicolae_spider_hilbert_3_sides_1_open,
          nicolae_spider_hilbert_3_sides_1_open,
          nicolae_spider_hilbert_3_sides_1_open,
          nicolae_spider_hilbert_2_sides_1_open], nicolae_spider_claw_tunnel
Spider:2: layout_spider_delve, nicolae_spider_not_touching_you, uniq_asterion
Spider:3: layout_spider_delve, hellmonk_test_site
Spider:4: grunt_spider_rune_parallel, uniq_mara, uniq_kirke
Orc:1:    layout_diamond_mine, portal_ice_cave_entry_animals_and_master,
          statue_in_the_mist_lemuel
Orc:2:    st_orc_rangers, layout_diamond_mine, serial_shops, shop, basic_altar
Vaults:1: vaults_room_pool, nicolae_vaults_border_crossing,
          ontoclasm_vaults_ring_large, nicolae_vaults_stairing_the_circle,
          hangedman_vaults_cutoff, hangedman_vaults_stitches,
          ontoclasm_vaults_ring_small, nicolae_vaults_little_squares_3,
          ontoclasm_vaults_shuriken, nicolae_vaults_shipping_containers_4,
          nicolae_vaults_apartment_2, nicolae_vaults_more_shelving_1,
          dpeg_vaults_monster_box, layout_vaults_chaotic_city, serial_shops,
          nicolae_lakefront_shop
Vaults:2: portal_desolation_entry_nicolae_nacl, v_misc_17,
          hangedman_vaults_cutoff, v_misc_33, nicolae_vaults_tetromino_T_2,
          st_octagons_2, nicolae_vaults_two_Ls, hangedman_vaults_impose,
          nicolae_vaults_specimen_jars, nicolae_vaults_storage_closets_3,
          hangedman_vaults_hat, grunt_vaults_hallway_long,
          nicolae_vaults_apartment_1, v_misc_9, layout_vaults_omnicross,
          dummy_crypt_entry, serial_shops, nicolae_shop_industrial_runoff, shop,
          nicolae_shop_tiny_real_fake_doors, nicolae_shop_getting_attention
Vaults:3: ontoclasm_vaults_twist, v_misc_13, nicolae_vaults_tetromino_L_2,
          grunt_vaults_bifocal, v_misc_31, nicolae_vaults_tetromino_L_2,
          nicolae_vaults_holding_cells, layout_vaults_quadrants
Vaults:4: nicolae_vaults_circle_grid_b, nicolae_vaults_apartment_1, v_misc_32,
          nicolae_vaults_windows_and_doors_thing,
          nicolae_vaults_know_your_exits, v_alt_pattern_1,
          nicolae_vaults_house_2, ontoclasm_vaults_eye,
          nicolae_vaults_what_the_h, layout_vaults_ring
Vaults:5
Depths:1: layout_honeycomb, pf_hell_entry_tar_spiral,
          chequers_serial_rivers_room_b, hex_tiny, drop_trap,
          cheibrodos_ashenzari_chains, serial_bayou_shore_a,
          roderic_lattice_octagonal_star, uniq_nikola
Depths:2: evilmike_makhleb_hellhole, layout_gridlike,
          nicolae_hell_entry_hellmouth_sunbeams, infiniplex_staircase_pool_2,
          rand_demon_pan_entry_3, minmay_the_grid_square_5x5_3x3_mashed
          [minmay_the_grid_square_5x5_meh, minmay_the_grid_square_5x5_z,
          minmay_the_grid_square_5x5_three, minmay_the_grid_square_5x5_plus,
          minmay_the_grid_square_5x5_megaprize_open,
          minmay_the_grid_square_5x5_checkered_statues,
          minmay_the_grid_square_5x5_inner_i,
          minmay_the_grid_square_5x5_intrusive_squares,
          minmay_the_grid_square_5x5_v]

Skill      XL: |  1  2  3  4  5  6  7  8  9 10 11 12 13 14 15 16 17 18 19 20 21 22 23 |
---------------+----------------------------------------------------------------------+-----
Maces & Flails | 2 7 8 9 10 11 12 13 14 16 17 18 19 20 21 | 21.2
Armour         | 3 5 6 7 8 9 10 11 12 13 14 15 | 15.2
Shields        | 3 5 6 7 8 |  8.7
Fighting       | 8 9 10 11 12 14 16 17 18 19 20 21 | 21.0
Dodging        | 5 7 8 10 12 13 14 15 16 | 16.4
Invocations    | 1 3 4 6 7 9 11 13 16 17 20 21 22 | 22.4
Throwing       | 2 3 4 5 6 |  6.1

Action                     |  1- 3 |  4- 6 |  7- 9 | 10-12 | 13-15 | 16-18 | 19-21 | 22-24 || total
---------------------------+-------+-------+-------+-------+-------+-------+-------+-------++-------
  Melee: Flail             |    86 |    65 |   352 |    97 |       |       |       |       ||   600
         Shillelagh        |       |       |       |   285 |   577 |  1184 |   839 |   632 ||  3517
         Spear             |       |       |       |     5 |       |       |       |       ||     5
         Unarmed           |       |       |       |       |     9 |       |       |       ||     9
         Touch             |       |       |       |       |    65 |   220 |   167 |   136 ||   588
         Punch             |       |       |       |       |     4 |     7 |    14 |    15 ||    40
         Headbutt          |       |       |       |       |    52 |    56 |       |       ||   108
  Throw: Boomerang         |       |       |     1 |       |       |     1 |       |       ||     2
 Invoke: Heroism           |       |       |       |     2 |     1 |     1 |     4 |     1 ||     9
         Finesse           |       |       |       |     1 |     1 |     1 |     3 |     1 ||     7
  Evoke: Wand              |       |       |       |       |     1 |       |       |       ||     1
    Use: Scroll            |     2 |     4 |     7 |    11 |     8 |     6 |     2 |     5 ||    45
         Potion            |       |     2 |       |     2 |     5 |     9 |       |     3 ||    21
 Armour: Scale mail        |    35 |    29 |    80 |       |       |       |       |       ||   144
         Swamp dragon scal |       |       |    78 |    73 |       |       |       |       ||   151
         Troll leather arm |       |       |       |    59 |    21 |       |       |       ||    80
         Crystal plate arm |       |       |       |       |   287 |   736 |   342 |   482 ||  1847
         Ice dragon scales |       |       |       |       |       |    22 |       |       ||    22
  Dodge: Dodged            |    26 |    22 |   270 |   157 |   176 |   703 |   412 |   414 ||  2180
  Block: Buckler           |    27 |    52 |   240 |    24 |   122 |       |       |       ||   465
         Reflection        |     2 |       |     6 |    14 |     7 |    25 |    13 |    13 ||    80
         Kite shield       |       |       |       |   252 |       |       |       |       ||   252
         Other             |       |       |       |       |    66 |   259 |   148 |   124 ||   597
